 Dungeon Crawl Stone Soup version 0.23.0 (webtiles) character file.

Game seed: 17962902389319092410

394 bpy6 the Ruffian (level 6, -17/54 HPs)
             Began as a Troll Monk on Feb 13, 2019.
             Was a Believer of Hepliaklqana.
             Demolished by an ogre
             ... wielding a +0 giant club
              (26 damage)
             ... on level 4 of the Dungeon.
             The game lasted 00:08:26 (2508 turns).

bpy6 the Ruffian (Troll Monk)                       Turns: 2508, Time: 00:08:27

Health: -17/54     AC:  6    Str: 22    XL:     6   Next: 51%
Magic:  5/5        EV: 11    Int:  6    God:    Hepliaklqana [**....]
Gold:   144        SH:  0    Dex: 12    Spells: 5/5 levels left

rFire    . . .     SeeInvis .     - Unarmed
rCold    . . .     Gourm    +   (no shield)
rNeg     . . .     Faith    .   a - +0 robe
rPois    .         Spirit   .   (helmet restricted)
rElec    .         Reflect  .   (no cloak)
rCorr    .         Harm     .   (gloves unavailable)
MR       .....                  (boots unavailable)
Stlth    ++........             (no amulet)
HPRegen  0.58/turn              (no ring)
MPRegen  0.09/turn              (no ring)

@: no status effects
A: large, unfitting armour, reduced essence, claws 3, fast metabolism 3,
gourmand, regeneration 1, shaggy fur 1, tough skin 3
a: Ancestor Life: Knight, Ancestor Life: Battlemage, Ancestor Life: Hexer,
Recall Ancestor, Ancestor Identity, Renounce Religion


You were on level 4 of the Dungeon.
You worshipped Hepliaklqana.
Hepliaklqana was pleased with you.
You were full.

You visited 1 branch of the dungeon, and saw 4 of its levels.

You collected 144 gold pieces.

Inventory:

Armour
 a - a +0 robe (worn)
Scrolls
 e - 11 scrolls of identify {unknown}
 f - a scroll of magic mapping {unknown}
 g - 2 scrolls of fear {unknown}
 l - a scroll of noise {unknown}
 m - a scroll of blinking {unknown}
Potions
 c - a potion of haste {unknown}
 d - a potion of magic {unknown}
 h - a potion of degeneration {unknown}
 i - 2 potions of lignification {unknown}
 j - 2 potions of resistance {unknown}
 k - a potion of curing {unknown}
 n - a potion of heal wounds {unknown}
Comestibles
 b - 7 rations


   Skills:
 + Level 3.6 Fighting
 + Level 2.5 Armour
 + Level 3.7 Dodging
 - Level 1.0 Stealth
 + Level 4.5 Unarmed Combat


You had 5 spell levels left.
You didn't know any spells.
Your spell library was empty.

Dungeon Overview and Level Annotations

Branches:
Dungeon (4/15)
 Temple: D:4-7

Altars:
Hepliaklqana
Nemelex Xobeh


Innate Abilities, Weirdness & Mutations

You are too large for most types of armour.
You have claws for hands.
Your metabolism is lightning-fast.
You like to eat raw meat.
Your natural rate of healing is unusually fast.
You are covered in fur. (AC +1)
You have extremely tough skin. (AC +3)
Your life essence is reduced to manifest your ancestor. (-10% HP)


Message History

The ogre hits you with a +0 giant club!
Leofdaeg hits the ogre.
Leofdaeg hits the ogre.
The ogre hits Leofdaeg with a +0 giant club!!
Leofdaeg is destroyed!
You feel sick.
You are no longer poisoned.
The ogre barely misses you.
You scratch the ogre.
The ogre is severely wounded.
The ogre barely misses you.
You scratch the ogre.
The ogre is almost dead.
The ogre hits you with a +0 giant club!
* * * LOW HITPOINT WARNING * * *
You completely miss the ogre.
The ogre is almost dead.
You barely miss the ogre.
The ogre is almost dead.
The ogre hits you with a +0 giant club!!
You die...

≈≈≈≈≈≈≈≈# #.# .≈⌠†.≈≈≈##
###.####.# ††...≈≈..#
#........# [≈≈$≈≈≈≈.#
#...####.## †#≈≈≈≈≈≈.#
#.#........ ≈≈##≈≈≈#.#
#...####.##
≈≈#≈≈≈.#.######...#
≈≈≈≈≈≈..#...>...O.####.#
≈≈≈≈≈#...#####..@>.....#
≈≈≈.##............######
≈≈##.#.#######.......#
####...#######.......# #
##........†.......####.# #
#...###...†............
#####...###.##.......#.##.
.............#...††..#.#
.####........#.......#


You could see an ogre.

Vanquished Creatures
  A scorpion (D:4)
  A howler monkey (D:4)
  An orc priest (D:4)
  2 hounds (D:4)
  2 worker ants
  An iguana (D:4)
  3 gnolls (D:4)
  2 adders (D:2)
  An ooze (D:3)
  A worm (D:4)
  12 dart slugs
  A leopard gecko (D:2)
  3 orcs
  5 giant cockroaches
  3 goblins
  7 hobgoblins
  9 jackals
  4 kobolds
  A quokka (D:3)
  8 bats
  2 frilled lizards
  2 rats (D:2)
72 creatures vanquished.

Vanquished Creatures (collateral kills)
  A dart slug (D:4)
  A leopard gecko (D:3)
  2 orcs (D:3)
  A goblin (D:3)
5 creatures vanquished.

Vanquished Creatures (others)
  2 ancestors (D:4)
  4 toadstools (D:1)
6 creatures vanquished.

Grand Total: 83 creatures vanquished

Notes
Turn   | Place    | Note
-------+----------+-------------------------------------------
     0 | D:1      | bpy6 the Troll Monk began the quest for the Orb.
     0 | D:1      | Reached XP level 1. HP: 22/22 MP: 0/0
   182 | D:1      | Reached XP level 2. HP: 26/29 MP: 1/1
   712 | D:2      | Reached skill level 1 in Armour
   712 | D:2      | Reached XP level 3. HP: 33/36 MP: 2/2
   855 | D:2      | Reached XP level 4. HP: 39/44 MP: 3/3
  1446 | D:3      | Found a hazy altar of Hepliaklqana.
  1455 | D:3      | Became a worshipper of Hepliaklqana the Forgotten
  1455 | D:3      | Reached * piety under Hepliaklqana
  1455 | D:3      | Reached ** piety under Hepliaklqana
  1556 | D:3      | Found a sparkling altar of Nemelex Xobeh.
  1581 | D:3      | Found a faded altar of an unknown god.
  2288 | D:4      | Reached XP level 5. HP: 47/47 MP: 4/4
  2331 | D:4      | Reached skill level 4 in Unarmed Combat
  2383 | D:4      | Reached XP level 6. HP: 53/54 MP: 5/5
  2508 | D:4      | Demolished by an ogre

Skill      XL: |  1  2  3  4  5 |
---------------+----------------+-----
Armour         | 1 2 |  2.5
Fighting       | 3 |  3.6
Dodging        | 3 |  3.7
Unarmed Combat | 4 |  4.5
Stealth        | |  1.0

Action                   |  1- 3 |  4- 6 || total
-------------------------+-------+-------++-------
Melee: Unarmed           |    79 |   145 ||   224
       Punch             |       |     5 ||     5
 Stab: Sleeping          |     1 |     1 ||     2
  Eat: Chunk             |     5 |    21 ||    26
Armor: Robe              |    49 |    56 ||   105
Dodge: Dodged            |    42 |   105 ||   147
